TOP OF THE 1ST |
Salem Rebels batting - Pitching for Burlington Senators : RHP John Lackey
|
Pitching: RHP John Lackey
|
|
Batting: LHB John Gibbons
|
0-0: Ball 1-0: Ground out 4-3 (Groundball, 4, EV 89.4 MPH)
|
Batting: RHB Daniel Szajko
|
0-0: Called Strike 0-1: SINGLE (Groundball, 56D, EV 96.3 MPH)
|
Batting: LHB Thomas Krupa
|
0-0: Called Strike Daniel Szajko steals 2nd base 0-1: Ball 1-1: Foul Ball, location: 2F 1-2: Ball 2-2: Ball 3-2: Base on Balls
|
Batting: RHB Jorge Monroig
|
0-0: Ball 1-0: Called Strike 1-1: Foul Ball, location: 2F 1-2: Strikes out swinging
|
Batting: RHB Robert O'Connor
|
0-0: Ball 1-0: Ground out 6-3 (Groundball, 6S, EV 66.3 MPH)
|
Top of the 1st over - 0 runs, 1 hit, 0 errors, 2 left on base; Salem 0 - Burlington 0 |
BOTTOM OF THE 1ST |
Burlington Senators batting - Pitching for Salem Rebels : RHP Andrew Madden
|
Pitching: RHP Andrew Madden
|
|
Batting: RHB Shawon Dunston
|
0-0: Swinging Strike 0-1: Swinging Strike 0-2: Ball 1-2: Ball 2-2: Ball 3-2: Foul Ball, location: 2F 3-2: Reached on error, E6 (Groundball, 6, EV 105.0 MPH)
|
Batting: RHB Pat Jelks
|
0-0: Ball 1-0: Foul Ball, location: 2F 1-1: Foul Ball, location: 2F 1-2: Foul Ball, location: 2F 1-2: Foul Ball, location: 2F 1-2: Ball 2-2: Foul Ball, location: 2F 2-2: Fielders Choice at 2nd, 1-6 (Groundball, 13, EV 66.9 MPH)
|
Batting: RHB Dave Keller
|
0-0: Called Strike 0-1: Foul Ball, location: 2F 0-2: Ball 1-2: Ball 2-2: Fly out, F3 (Popup, 34S, EV 74.4 MPH)
|
Batting: LHB John Skorochocki
|
0-0: Called Strike 0-1: Foul Ball, location: 2F 0-2: Foul Ball, location: 2F 0-2: Ball 1-2: Ball 2-2: Fly out, F8 (Flyball, 8RD, EV 93.1 MPH)
|
Bottom of the 1st over - 0 runs, 0 hits, 1 error, 1 left on base; Salem 0 - Burlington 0 |
TOP OF THE 2ND |
Salem Rebels batting - Pitching for Burlington Senators : RHP John Lackey
|
Batting: RHB Melvin Williams
|
0-0: Called Strike 0-1: Ground out 4-3 (Groundball, 4, EV 101.3 MPH)
|
Batting: RHB John Schaive
|
0-0: Foul Ball, location: 2F 0-1: Ball 1-1: Fly out, F3 (Line Drive, 3, EV 76.3 MPH)
|
Batting: SHB Kelvin Hudson
|
0-0: Swinging Strike 0-1: Called Strike 0-2: Strikes out swinging
|
Top of the 2nd over - 0 runs, 0 hits, 0 errors, 0 left on base; Salem 0 - Burlington 0 |
BOTTOM OF THE 2ND |
Burlington Senators batting - Pitching for Salem Rebels : RHP Andrew Madden
|
Batting: SHB Kevin Jensen
|
0-0: Ground out 4-3 (Groundball, 4, EV 90.6 MPH)
|
Batting: RHB Joseph Lorenz
|
0-0: Ground out 5-3 (Groundball, 56, EV 105.6 MPH)
|
Batting: RHB Richard Hertel
|
0-0: Called Strike 0-1: Ball 1-1: Called Strike 1-2: Ball 2-2: Fly out, F4 (Popup, 34D, EV 46.9 MPH)
|
Bottom of the 2nd over - 0 runs, 0 hits, 0 errors, 0 left on base; Salem 0 - Burlington 0 |
TOP OF THE 3RD |
Salem Rebels batting - Pitching for Burlington Senators : RHP John Lackey
|
Batting: RHB Mark Krynitsky
|
0-0: Ball 1-0: Called Strike 1-1: Foul Ball, location: 2F 1-2: Ball 2-2: Ball 3-2: Ground out 4-3 (Groundball, 4S, EV 68.1 MPH)
|
Batting: LHB John Gibbons
|
0-0: SINGLE (Groundball, 4MD, EV 98.1 MPH)
|
Batting: RHB Daniel Szajko
|
0-0: Fielders Choice at 2nd, 4-6 (Groundball, 4, EV 85.0 MPH)
|
Batting: LHB Thomas Krupa
|
0-0: Ball 1-0: DOUBLE (Line Drive, 7LS, EV 102.5 MPH) Daniel Szajko to third Runner from 3rd tries for Home, SAFE, throw by LF to trailing runner, SAFE at third!
|
Batting: RHB Jorge Monroig
|
0-0: Called Strike 0-1: SINGLE (Groundball, 56D, EV 96.9 MPH) Thomas Krupa scores
|
Batting: RHB Robert O'Connor
|
0-0: Foul Ball, location: 2F 0-1: Ground out 5-3 (Groundball, 56S, EV 75.0 MPH)
|
Top of the 3rd over - 2 runs, 3 hits, 0 errors, 1 left on base; Salem 2 - Burlington 0 |
BOTTOM OF THE 3RD |
Burlington Senators batting - Pitching for Salem Rebels : RHP Andrew Madden
|
Batting: LHB Juan Araujo
|
0-0: Called Strike 0-1: Ball 1-1: Ball 2-1: Called Strike 2-2: Fly out, F1 (Line Drive, P, EV 70.6 MPH)
|
Batting: RHB Brad Bauman
|
0-0: Called Strike 0-1: Fly out, F8 (Line Drive, 8RD, EV 93.1 MPH)
|
Batting: RHB Shawon Dunston
|
0-0: Ball 1-0: Swinging Strike 1-1: Called Strike 1-2: Ball 2-2: Ball 3-2: Foul Ball, location: 2F 3-2: Base on Balls
|
Batting: RHB Pat Jelks
|
0-0: Ball 1-0: Called Strike 1-1: Called Strike 1-2: Ball 2-2: Ball Shawon Dunston steals 2nd base (no throw) 3-2: Foul Ball, location: 2F 3-2: Foul Ball, location: 2F 3-2: Base on Balls
|
Batting: RHB Dave Keller
|
0-0: Called Strike 0-1: Foul Ball, location: 2F 0-2: Ball 1-2: Ball 2-2: SINGLE (Groundball, 6MD, EV 103.8 MPH) Shawon Dunston to third Pat Jelks to second Runner from 3rd tries for Home, SAFE, throw by CF to home
|
Batting: LHB John Skorochocki
|
0-0: Fly out, F4 (Line Drive, 4, EV 65.6 MPH)
|
Bottom of the 3rd over - 1 run, 1 hit, 0 errors, 2 left on base; Salem 2 - Burlington 1 |
TOP OF THE 4TH |
Salem Rebels batting - Pitching for Burlington Senators : RHP John Lackey
|
Batting: RHB Melvin Williams
|
0-0: Foul Ball, location: 2F 0-1: Fly out, F8 (Flyball, 8LM, EV 91.9 MPH)
|
Batting: RHB John Schaive
|
0-0: Called Strike 0-1: Ground out 5-3 (Groundball, 56S, EV 91.3 MPH)
|
Batting: SHB Kelvin Hudson
|
0-0: Ball 1-0: Called Strike 1-1: Bunt missed! 1-2: Ball 2-2: Ground out 4-3 (Groundball, 4, EV 96.3 MPH)
|
Top of the 4th over - 0 runs, 0 hits, 0 errors, 0 left on base; Salem 2 - Burlington 1 |
BOTTOM OF THE 4TH |
Burlington Senators batting - Pitching for Salem Rebels : RHP Andrew Madden
|
Batting: SHB Kevin Jensen
|
0-0: Called Strike 0-1: Ball 1-1: Ground out 5-3 (Groundball, 56, EV 101.9 MPH)
|
Batting: RHB Joseph Lorenz
|
0-0: Ball 1-0: SINGLE (Groundball, 6MD, EV 100.0 MPH)
|
Batting: RHB Richard Hertel
|
0-0: Called Strike Pickoff Throw to First - Error! E1 Joseph Lorenz to second 0-1: Swinging Strike 0-2: Strikes out looking
|
Batting: LHB Juan Araujo
|
0-0: Ball 1-0: Ball 2-0: Fly out, F7 (Flyball, 7, EV 90.0 MPH)
|
Bottom of the 4th over - 0 runs, 1 hit, 1 error, 1 left on base; Salem 2 - Burlington 1 |
TOP OF THE 5TH |
Salem Rebels batting - Pitching for Burlington Senators : RHP John Lackey
|
Batting: RHB Mark Krynitsky
|
0-0: Swinging Strike 0-1: Ball 1-1: Ball 2-1: Swinging Strike 2-2: Ball 3-2: Ground out 4-3 (Groundball, 4, EV 85.0 MPH)
|
Batting: LHB John Gibbons
|
0-0: Called Strike
|
|
|
|
0-1: Foul Ball, location: 2F 0-2: Ball 1-2: Strikes out swinging
|
Batting: RHB Daniel Szajko
|
0-0: Called Strike 0-1: Fly out, F7 (Flyball, 7, EV 90.0 MPH)
|
Top of the 5th over - 0 runs, 0 hits, 0 errors, 0 left on base; Salem 2 - Burlington 1 |
BOTTOM OF THE 5TH |
Burlington Senators batting - Pitching for Salem Rebels : RHP Andrew Madden
|
Batting: RHB Brad Bauman
|
0-0: Called Strike 0-1: Ball 1-1: Ball 2-1: Foul Ball, location: 2F 2-2: Ball 3-2: Base on Balls
|
Batting: RHB Shawon Dunston
|
0-0: DOUBLE (Flyball, 8LXD, EV 111.3 MPH) Brad Bauman to third
|
Batting: RHB Pat Jelks
|
0-0: Ball 1-0: Called Strike 1-1: Ball 2-1: SINGLE (Flyball, 34D, EV 95.0 MPH) Brad Bauman scores Shawon Dunston to third Runner from 3rd tries for Home, SAFE, throw by RF to home
|
Batting: RHB Dave Keller
|
0-0: Ball 1-0: Fly out, F7 (Flyball, 78M, EV 88.8 MPH)
|
Batting: LHB John Skorochocki
|
0-0: Called Strike 0-1: Swinging Strike 0-2: Ball 1-2: Ball 2-2: Fly out, F7 (Flyball, 7LM, EV 91.3 MPH)
|
Pitching: RHP Carlos Montijo
|
|
Batting: SHB Kevin Jensen
|
0-0: Ball 1-0: Called Strike 1-1: Foul Ball, location: 2F 1-2: Foul Ball, location: 2F 1-2: Ball 2-2: Ball Passed Ball! Pat Jelks to second 3-2: Foul Ball, location: 2F 3-2: Fly out, F7 (Line Drive, 7, EV 98.1 MPH)
|
Bottom of the 5th over - 2 runs, 2 hits, 0 errors, 1 left on base; Salem 2 - Burlington 3 |
TOP OF THE 6TH |
Salem Rebels batting - Pitching for Burlington Senators : RHP John Lackey
|
Batting: LHB Thomas Krupa
|
0-0: Called Strike 0-1: Foul Ball, location: 2F 0-2: Ball 1-2: Ball 2-2: Ball 3-2: Fly out, F7 (Flyball, 7, EV 81.3 MPH)
|
Batting: RHB Jorge Monroig
|
0-0: Ball 1-0: Foul Ball, location: 2F 1-1: Ball 2-1: SINGLE (Groundball, 15S, EV 73.8 MPH) (infield hit)
|
Batting: RHB Robert O'Connor
|
0-0: Ball 1-0: Ball 2-0: Swinging Strike 2-1: Grounds into double play, 6-4-3 (Groundball, 6, EV 98.8 MPH)
|
Top of the 6th over - 0 runs, 1 hit, 0 errors, 0 left on base; Salem 2 - Burlington 3 |
BOTTOM OF THE 6TH |
Burlington Senators batting - Pitching for Salem Rebels : RHP Carlos Montijo
|
Batting: RHB Joseph Lorenz
|
0-0: Ball 1-0: Swinging Strike 1-1: Ground out U3 (Groundball, 34S, EV 83.1 MPH)
|
Batting: RHB Richard Hertel
|
0-0: Swinging Strike 0-1: Bunt missed! 0-2: Fly out, F8 (Line Drive, 8LD, EV 92.5 MPH)
|
Batting: LHB Juan Araujo
|
0-0: Ball 1-0: Ground out 5-3 (Groundball, 56, EV 97.5 MPH)
|
Bottom of the 6th over - 0 runs, 0 hits, 0 errors, 0 left on base; Salem 2 - Burlington 3 |
TOP OF THE 7TH |
Salem Rebels batting - Pitching for Burlington Senators : RHP John Lackey
|
Batting: RHB Melvin Williams
|
0-0: Ball 1-0: Swinging Strike 1-1: Called Strike 1-2: Ball 2-2: Ball 3-2: Base on Balls
|
Batting: RHB John Schaive
|
0-0: Ball 1-0: Ground out 6-3 (Groundball, 6S, EV 68.1 MPH) Melvin Williams to second
|
Batting: SHB Kelvin Hudson
|
0-0: Swinging Strike 0-1: Ball 1-1: Ball 2-1: Reached via error on a dropped throw from 1B, E1 (Groundball, 34, EV 101.3 MPH) Melvin Williams to third
|
Batting: RHB Mark Krynitsky
|
0-0: Ball 1-0: Ball 2-0: Foul Ball, location: 2F 2-1: Foul Ball, location: 2F 2-2: Reached on error, E3 (Groundball, 23, EV 88.1 MPH) Melvin Williams scores Kelvin Hudson to second
|
Pitching: RHP Dwight Lewis
|
|
Batting: LHB John Gibbons
|
0-0: Ball 1-0: Ball 2-0: Ball 3-0: Called Strike 3-1: Base on Balls Kelvin Hudson to third Mark Krynitsky to second
|
Batting: RHB Daniel Szajko
|
0-0: Ball 1-0: Fly out, F7 (Flyball, 7LM, EV 96.9 MPH) Runner from 3rd tags up, SCORES, throw by LF
|
Batting: LHB Thomas Krupa
|
0-0: Ball 1-0: Called Strike 1-1: Ball 2-1: Ball 3-1: Foul Ball, location: 2F 3-2: Base on Balls Mark Krynitsky to third John Gibbons to second
|
Batting: RHB Jorge Monroig
|
0-0: Called Strike 0-1: Ball 1-1: Ball 2-1: TRIPLE (Flyball, 89XD, EV 91.3 MPH) Mark Krynitsky scores John Gibbons scores Thomas Krupa scores
|
Batting: RHB Robert O'Connor
|
0-0: Ball 1-0: Fly out, F9 (Flyball, 9S, EV 96.9 MPH)
|
Top of the 7th over - 5 runs, 1 hit, 2 errors, 1 left on base; Salem 7 - Burlington 3 |
BOTTOM OF THE 7TH |
Burlington Senators batting - Pitching for Salem Rebels : RHP Carlos Montijo
|
Batting: RHB Brad Bauman
|
0-0: Reached on error, E4 (Groundball, 4, EV 79.4 MPH)
|
Batting: RHB Shawon Dunston
|
0-0: Ball 1-0: Sac Bunt to 15 - play at first, batter OUT! 1-3 Brad Bauman to second
|
Batting: RHB Pat Jelks
|
0-0: Called Strike 0-1: Ball 1-1: Fly out, F7 (Flyball, 7S, EV 96.3 MPH)
|
Batting: RHB Dave Keller
|
0-0: Ball 1-0: Ball 2-0: Swinging Strike 2-1: Swinging Strike 2-2: Ball 3-2: Base on Balls
|
Batting: LHB John Skorochocki
|
0-0: Ball 1-0: Fly out, F9 (Flyball, 89M, EV 95.0 MPH)
|
Bottom of the 7th over - 0 runs, 0 hits, 1 error, 2 left on base; Salem 7 - Burlington 3 |
TOP OF THE 8TH |
Salem Rebels batting - Pitching for Burlington Senators : RHP Dwight Lewis
|
Batting: RHB Melvin Williams
|
0-0: Ball 1-0: Fly out, F8 (Flyball, 8RD, EV 90.0 MPH)
|
Batting: RHB John Schaive
|
0-0: Called Strike 0-1: Foul Ball, location: 2F 0-2: SINGLE (Line Drive, 56, EV 99.4 MPH)
|
Batting: SHB Kelvin Hudson
|
0-0: Ball 1-0: Called Strike 1-1: Ball 2-1: Fielders Choice at 2nd, 4-6 (Groundball, 34, EV 101.9 MPH)
|
Batting: RHB Mark Krynitsky
|
0-0: Ball 1-0: Swinging Strike 1-1: Foul Ball, location: 2F 1-2: Strikes out swinging
|
Top of the 8th over - 0 runs, 1 hit, 0 errors, 1 left on base; Salem 7 - Burlington 3 |
BOTTOM OF THE 8TH |
Burlington Senators batting - Pitching for Salem Rebels : RHP Carlos Montijo
|
Batting: SHB Kevin Jensen
|
0-0: Called Strike 0-1: Called Strike 0-2: Ball 1-2: Strikes out swinging
|
Batting: RHB Joseph Lorenz
|
0-0: Ball 1-0: Swinging Strike 1-1: Foul Ball, location: 2F 1-2: Strikes out looking
|
Batting: RHB Richard Hertel
|
0-0: Fly out, F9 (Flyball, 9LM, EV 96.9 MPH)
|
Bottom of the 8th over - 0 runs, 0 hits, 0 errors, 0 left on base; Salem 7 - Burlington 3 |
TOP OF THE 9TH |
Salem Rebels batting - Pitching for Burlington Senators : RHP Dwight Lewis
|
Batting: LHB John Gibbons
|
0-0: Foul Ball, location: 2F 0-1: Ball 1-1: Ball 2-1: Foul Ball, location: 2F 2-2: Ball 3-2: Foul Ball, location: 2F 3-2: Base on Balls
|
Pitching: RHP Bob Blyth
|
|
Batting: RHB Daniel Szajko
|
0-0: Bunt missed! 0-1: Bunt - Flyout to 23! F3
|
Batting: LHB Thomas Krupa
|
0-0: Ball 1-0: Called Strike 1-1: Foul Ball, location: 2F 1-2: Strikes out swinging
|
Batting: RHB Jorge Monroig
|
0-0: Ball John Gibbons steals 2nd base 1-0: Ball 2-0: Called Strike 2-1: TRIPLE (Flyball, 89XD, EV 108.8 MPH) John Gibbons scores
|
Batting: RHB Robert O'Connor
|
0-0: Ball 1-0: Swinging Strike 1-1: Swinging Strike 1-2: Strikes out looking
|
Top of the 9th over - 1 run, 1 hit, 0 errors, 1 left on base; Salem 8 - Burlington 3 |
BOTTOM OF THE 9TH |
Burlington Senators batting - Pitching for Salem Rebels : RHP Carlos Montijo
|
Batting: LHB Juan Araujo
|
0-0: Ball 1-0: Called Strike 1-1: Ball 2-1: Ball 3-1: Base on Balls
|
Batting: RHB Brad Bauman
|
0-0: Ball 1-0: Ball 2-0: Fielders Choice at 2nd, 1-4 (Groundball, P, EV 63.1 MPH)
|
Batting: RHB Shawon Dunston
|
0-0: Foul Ball, location: 2F 0-1: Fielders Choice at 2nd, 6-4 (Groundball, 6, EV 103.8 MPH)
|
Batting: RHB Pat Jelks
|
0-0: Called Strike 0-1: Foul Ball, location: 2F 0-2: Ball 1-2: Foul Ball, location: 2F 1-2: Fly out, F8 (Flyball, 8RXD, EV 103.1 MPH)
|
Bottom of the 9th over - 0 runs, 0 hits, 0 errors, 1 left on base; Salem 8 - Burlington 3 |
 |
Wednesday, July 22nd, 2020 - OOTP Baseball 21.4 Build 63
|
|